 Dungeon Crawl Stone Soup version 0.31.0-4-g52a2dc7128 (webtiles) character file.

Game seed: 11674083515828720903

9121 howech the Cleaver (level 11, -14/95 HPs)
             Began as a Minotaur Berserker on Jan 21, 2024.
             Was a Priest of Trog.
             Demolished by a komodo dragon (21 damage)
             ... on level 10 of the Dungeon.
             The game lasted 00:29:44 (9846 turns).

howech the Cleaver (Minotaur Berserker)             Turns: 9846, Time: 00:29:45

Health: -14/95     AC: 16    Str: 21    XL:     11   Next: 18%
Magic:  0/10       EV: 10    Int:  6    God:    Trog [***...]
Gold:   417        SH: 11    Dex: 13    Spells: 10/10 levels left

rFire   . . .        a - +0 hand axe
rCold   . . .        e - +1 kite shield
rNeg    . . .        I - +1 chain mail {Will+}
rPois   .            k - +2 hat
rElec   .            B - +0 cloak
rCorr   .            K - +0 pair of gloves
SInv    .            (no boots)
Will    +....        O - amulet of guardian spirit Stlth
                     (no ring)
HPRegen 0.35/turn    (no ring)
MPRegen 0.12/turn

%: guardian spirit
@: about to teleport, on berserk cooldown, slowed, very slow
A: horns 2, retaliatory headbutt
a: Renounce Religion, Berserk, Trog's Hand


You were on level 10 of the Dungeon.
You worshipped Trog.
Trog was most pleased with you.
You visited 2 branches of the dungeon, and saw 11 of its levels.

You collected 417 gold pieces.

Inventory:

Hand Weapons
 a - a +0 hand axe (weapon)
 r - a +0 hand axe of freezing
 D - a +0 heavy hand axe
Missiles
 l - 6 javelins (quivered)
 n - 40 poisoned darts
Armour
 e - a +1 kite shield (worn)
 k - a +2 hat (worn)
 B - a +0 cloak (worn)
 I - a +1 chain mail of willpower (worn)
 K - a +0 pair of gloves (worn)
 M - a scarf of invisibility
 S - +0 acid dragon scales
Jewellery
 g - a ring of fire
 t - a ring of flight
 F - an amulet of the acrobat
 L - an amulet of magic regeneration
 O - an amulet of guardian spirit (around neck)
 P - a +6 ring of intelligence
 R - an amulet of faith
Wands
 w - a wand of mindburst (14)
 y - a wand of flame (32)
 E - a wand of iceblast (6)
Scrolls
 b - a scroll of vulnerability
 f - a scroll of fog
 h - 2 scrolls of immolation
 i - 4 scrolls of enchant weapon
 p - 3 scrolls of brand weapon
 q - 3 scrolls of noise
 u - 4 scrolls of teleportation
 C - 2 scrolls of silence
Potions
 c - 2 potions of might {unknown}
 d - 4 potions of curing
 m - a potion of berserk rage {unknown}
 v - 2 potions of ambrosia
 x - 2 potions of mutation
 z - a potion of cancellation {unknown}
 G - 2 potions of enlightenment
 J - a potion of lignification


   Skills:
 + Level 8.4 Fighting
 * Level 11.2 Axes
 + Level 6.2 Throwing
 + Level 8.0 Armour
 + Level 7.0 Dodging
 + Level 7.1 Shields
 + Level 5.3 Evocations


You had 10 spell levels left.
You didn't know any spells.
Your spell library was empty.

Dungeon Overview and Level Annotations

Branches:
Dungeon (10/15)            Temple (1/1) D:7
   Lair: D:8-11         Orc: D:9-12

Altars:
Ashenzari
Cheibriados
Dithmenos
Elyvilon
Fedhas
Hepliaklqana
Kikubaaqudgha
Makhleb
Nemelex Xobeh
Okawaru
Qazlal
Ru
Sif Muna
Trog
Uskayaw
Vehumet
Wu Jian
Xom
Yredelemnul
Zin
The Shining One

Shops:
D:2 =(   D:3 :

Portals:
Bailey: D:10

Annotations:
D:8 2 transporters, LoggersVIII's ghost, novice OpEE


Innate Abilities, Weirdness & Mutations

You have a pair of horns on your head.
You reflexively headbutt those who attack you in melee.


Message History

You closely miss the yak.
The yak is lightly wounded.
You hit the yak but do no damage. You hit the yak.
The yak gores you but does no damage. You block the yak's attack.
The komodo dragon bites you!!
* * * LOW HITPOINT WARNING * * *
You hit the yak.
The yak is lightly wounded.
You closely miss the komodo dragon. You hit the yak but do no damage.
You hit the yak. You hit the yak but do no damage.
You hear the faint creaking of a portcullis very nearby.
You block the yak's attack. The yak barely misses you. You furiously retaliate!
You headbutt the yak. You block the yak's attack.
The yak gores you but does no damage. The komodo dragon bites you!!
* * * LOW HITPOINT WARNING * * *
The yak gores you!
* * * LOW HITPOINT WARNING * * *
The yak barely misses you.
Unknown command.
Unknown command.
Unknown command.
You feel much better. The yak barely misses you. You block the yak's attack.
The yak gores you.
* * * LOW HITPOINT WARNING * * *
The komodo dragon bites you.
* * * LOW HITPOINT WARNING * * *
You block the yak's attack. x2; The yak gores you.
* * * LOW HITPOINT WARNING * * *
The yak gores you.
* * * LOW HITPOINT WARNING * * *
The yak gores you but does no damage.
Unknown command.
Unknown command.
Unknown command.
As you read the scroll of teleportation, it crumbles to dust.
You feel strangely unstable. You block the komodo dragon's attack.
You block the yak's attack. x2; The yak gores you but does no damage.
The yak barely misses you. You furiously retaliate!
You headbutt the yak. The yak gores you but does no damage.
The komodo dragon bites you!!
You die...

,,,,,,,,.....+.....(.......#
,,,,,,~~.....###...~.......#
*,,,,~~~~......#...~~......#
*,,,>,~~~~.....#...≈≈~.....#
*,,,,~~~≈~.....#....~~.....#
*,,,~~~~~~.......[...~.....#
*,,,,~~~~...~..............*
*,,,,,,,....~..YYl........,*
*,,,,,,,.$....YY@Y.......,,*
*,,,,,,,.......#Y....####***
*,,,,,,,.......8.....#
*,,,,,,,.............#
********#.#.8.....8..#
#.#..........#
*,#.........## *,#8...∩...8#
*,*,,,,,,,,,*


You could see a komodo dragon and 6 yaks.

Vanquished Creatures
  A two-headed ogre (D:9)
  Maggie (D:6)
  A troll (D:10)
  3 red devils (D:8)
  Prince Ribbit (D:7)
  Sigmund (D:3)
  12 yaks
  3 wyverns
  A shadow (D:9)
  Eustachio (D:4)
  2 humans (D:7)
  Edmund (D:6)
  2 water moccasins
  An acid dragon (D:9)
  2 orc warriors
  4 ice beasts
  A sky beast (D:7)
  2 ogres (D:6)
  A centaur (D:9)
  2 phantoms
  A kobold brigand (D:7)
  A bullfrog (D:8)
  14 wights
  17 killer bees
  A howler monkey (D:4)
  2 bombardier beetles
  3 jellies
  8 orc priests
  2 hounds
  Crazy Yiuf (D:3)
  A sleepcap (D:3)
  Jessica (D:3)
  6 orc wizards
  3 iguanas
  Robin (D:4)
  10 adders
  A white imp (D:8)
  3 dart slugs
  3 ribbon worms
  27 orcs
  11 ball pythons
  3 endoplasms
  5 giant cockroaches
  10 hobgoblins
  7 jackals
  11 kobolds
  7 quokkas
  6 bats
  4 frilled lizards
  14 goblins
  A rat (D:3)
228 creatures vanquished.

Vanquished Creatures (collateral kills)
  A kobold brigand (D:10)
1 creature vanquished.

Vanquished Creatures (others)
  Maurice (D:7)
1 creature vanquished.

Grand Total: 230 creatures vanquished

Notes
Turn   | Place    | Note
-------+----------+-------------------------------------------
     0 | D:1      | howech the Minotaur Berserker began the quest for the Orb.
     0 | D:1      | Reached XP level 1. HP: 19/19 MP: 0/0
    78 | D:1      | Found a faded altar of an unknown god.
   179 | D:1      | Reached XP level 2. HP: 24/27 MP: 1/1
   256 | D:1      | Reached skill level 4 in Axes
   579 | D:2      | Reached XP level 3. HP: 31/33 MP: 2/2
   758 | D:2      | Found Baurica's Jewellery Shop.
   763 | D:2      | Reached ** piety under Trog
   846 | D:2      | Reached skill level 1 in Throwing
   850 | D:2      | Reached skill level 1 in Shields
  1143 | D:2      | Found Muir Oha's Weapon Emporium.
  1367 | D:2      | Reached XP level 4. HP: 39/40 MP: 3/3
  1495 | D:3      | Reached skill level 1 in Evocations
  1591 | D:3      | Noticed Sigmund
  1598 | D:3      | Killed Sigmund
  1599 | D:3      | Reached skill level 5 in Axes
  1599 | D:3      | Reached XP level 5. HP: 47/47 MP: 4/4
  1673 | D:3      | Reached XP level 6. HP: 53/53 MP: 5/5
  1682 | D:3      | Noticed Jessica
  1689 | D:3      | Killed Jessica
  1872 | D:3      | Found Talow's Book Emporium.
  2035 | D:3      | Identified the +0 robe of Vokh {+Blink Will+ Str+2}
  2489 | D:3      | Found a runed translucent door.
  2490 | D:3      | Noticed Crazy Yiuf
  2496 | D:3      | Killed Crazy Yiuf
  2911 | D:4      | Noticed Robin
  2925 | D:4      | Killed Robin
  2988 | D:4      | Reached *** piety under Trog
  2989 | D:4      | Reached XP level 7. HP: 49/60 MP: 6/6
  3053 | D:4      | Noticed Eustachio
  3065 | D:4      | Reached skill level 6 in Axes
  3065 | D:4      | Killed Eustachio
  3066 | D:4      | Reached skill level 5 in Fighting
  3231 | D:4      | Found a snail-covered altar of Cheibriados.
  3310 | D:4      | Identified the +0 helmet "Giesacra" {rN+ Will+}
  3737 | D:5      | Entered Level 5 of the Dungeon
  3926 | D:5      | Reached XP level 8. HP: 69/69 MP: 7/7
  4019 | D:5      | Found a burning altar of Makhleb.
  4019 | D:5      | Noticed a balrug
  4332 | D:5      | Found a basalt altar of Yredelemnul.
  4516 | D:5      | Reached skill level 7 in Axes
  4548 | D:5      | Found a sacrificial altar of Ru.
  4607 | D:5      | Found a white marble altar of Elyvilon.
  4857 | D:6      | Noticed Maggie
  4872 | D:6      | Killed Maggie
  4873 | D:6      | Reached skill level 5 in Armour
  5070 | D:6      | Noticed Edmund
  5083 | D:6      | Killed Edmund
  5382 | D:6      | Reached skill level 8 in Axes
  5408 | D:6      | Reached XP level 9. HP: 52/75 MP: 8/8
  5664 | D:7      | Noticed Maurice
  5730 | D:7      | Noticed Prince Ribbit
  5887 | D:7      | Something stole an amulet of magic regeneration
  5890 | D:7      | Killed Maurice
  5891 | D:7      | Reached skill level 5 in Dodging
  6001 | D:7      | Found a staircase to the Ecumenical Temple.
  6025 | D:7      | Reached skill level 5 in Shields
  6030 | Temple   | Entered the Ecumenical Temple
  6233 | D:7      | Found an iron altar of Okawaru.
  6327 | D:7      | Killed Prince Ribbit
  6328 | D:7      | Reached skill level 9 in Axes
  6782 | D:8      | Found a transporter.
  6783 | D:8      | Noticed LoggersVIII's ghost (novice OpEE)
  6784 | D:8      | Found a transporter.
  6810 | D:8      | Noticed a red devil
  6810 | D:8      | Noticed a red devil
  6811 | D:8      | Noticed a red devil
  6886 | D:8      | Reached XP level 10. HP: 86/86 MP: 9/9
  6889 | D:8      | Reached skill level 5 in Throwing
  7631 | D:8      | Found an ornate altar of the Wu Jian Council.
  7823 | D:8      | Reached skill level 10 in Axes
  8819 | D:9      | Found a bloodstained altar of Trog.
  8888 | D:9      | Reached skill level 5 in Evocations
  9019 | D:9      | Found a shadowy altar of Dithmenos.
  9155 | D:9      | Reached XP level 11. HP: 63/94 MP: 6/10
  9385 | D:9      | Noticed a two-headed ogre
  9400 | D:9      | Reached skill level 11 in Axes
  9400 | D:9      | Killed a two-headed ogre
  9554 | D:9      | Found a blossoming altar of Fedhas.
  9741 | D:10     | Entered Level 10 of the Dungeon
  9842 | D:10     | Found a flagged portal.
  9844 | D:10     | HP: 3/95 [yak (6)]
  9846 | D:10     | Demolished by a komodo dragon

Illustrated notes

Levels and vault maps discovered:
D:1:      saegor_arrival_under_anarchy, layout_rooms,
          chequers_ecumenical_altar_island, minmay_misc_feat_x
D:2:      cheibrodos_helix_gallery, layout_basic, serial_shops, shop, shop,
          hangedman_decor_push
D:3:      layout_loops_ring, serial_shops, shop, kennysheep_cluttered_room,
          uniq_jessica, uniq_sigmund, uniq_crazy_yiuf_cottage
D:4:      layout_cave_pods, kennysheep_slug_shrine, serial_column_ruins,
          column_ruins_square_large, column_ruins_hut, column_ruins_grid_4,
          column_ruins_open_small, column_ruins_corridor_straight,
          column_ruins_corridor_straight, column_ruins_columns_corner,
          column_ruins_grid_2, grunt_ministairs_9, kennysheep_small_spiral,
          uniq_robin, uniq_eustachio
D:5:      layout_basic, lemuel_round_altar, makhleb_altar_promises_db,
          elyvilon_altar_1, lemuel_coloured_pillars_altar
D:6:      layout_basic, uniq_maggie, uniq_edmund
D:7:      layout_basic, okawaru_humans, minmay_temple_entry_glassed_door,
          hangedman_abyss_or_decor_stagger, uniq_prince_ribbit1, uniq_maurice
D:8:      layout_loops_ring, nzn_wu_jian_contemplation, gammafunk_ghost_smash,
          einodemon_armed_red_devil_minivault
D:9:      layout_long_grid, mainiacjoe_overflow_small_starburst, fedhas_altar_4,
          overflow_temple_1_default, minmay_hedge_maze
D:10:     layout_basic, nicolae_gozag_cash_rules_everything_around_me,
          enter_bailey_6
Temple:   nicolae_temple_bog_church

Skill      XL: |  1  2  3  4  5  6  7  8  9 10 11 |
---------------+----------------------------------+-----
Axes           | 4 5 6 8 9 10 11 | 11.2
Throwing       | 1 2 3 4 6 |  6.2
Shields        | 1 2 3 4 5 6 7 |  7.1
Fighting       | 4 5 6 7 8 |  8.4
Armour         | 3 4 5 6 7 8 |  8.0
Evocations     | 1 2 3 4 5 |  5.3
Dodging        | 3 4 5 6 7 |  7.0

Action                     |  1- 3 |  4- 6 |  7- 9 | 10-12 || total
---------------------------+-------+-------+-------+-------++-------
  Melee: Hand axe          |    88 |   122 |   311 |   233 ||   754
         Headbutt          |     9 |    18 |    66 |    46 ||   139
  Throw: Dart              |       |     1 |     3 |       ||     4
         Throwing net      |       |       |     1 |       ||     1
         Javelin           |       |       |     1 |    21 ||    22
 Invoke: Trog's Hand       |       |     4 |    11 |     7 ||    22
         Berserk           |       |     4 |     7 |     6 ||    17
  Evoke: Wand              |       |       |     3 |       ||     3
    Use: Scroll            |       |       |     9 |    11 ||    20
         Potion            |       |       |     6 |     1 ||     7
   Stab: Sleeping          |     1 |       |     1 |       ||     2
 Armour: Animal skin       |    64 |    74 |    21 |       ||   159
         Chain mail        |       |       |   147 |   192 ||   339
  Dodge: Dodged            |    51 |    54 |   106 |    83 ||   294
  Block: Kite shield       |    35 |    38 |   117 |   113 ||   303
